 Dungeon Crawl Stone Soup version 0.17.0-24-gcfadda4 (webtiles) character file.

15 septik the Insei (level 2, -8/18 HPs)
             Began as an Octopode Transmuter on Nov 17, 2015.
             Mangled by a gnoll
             ... wielding a +0 halberd
              (16 damage)
             ... on level 1 of the Dungeon.
             The game lasted 00:01:59 (341 turns).

septik the Insei (Octopode Transmuter)               Turns: 341, Time: 00:01:59

Health: -8/18      AC:  1    Str:  9    XL:     2   Next: 50%
Magic:  4/5        EV: 12    Int: 15    God:
Gold:   85         SH:  0    Dex: 12    Spells: 1 memorised, 4 levels left

rFire  . . .     SeeInvis .       - Unarmed
rCold  . . .     Clarity  .     (no shield)
rNeg   . . .     SustAt   .     (helmet restricted)
rPois  .         Gourm    .     (no amulet)
rElec  .         Spirit   .     (no ring)
rCorr  .         Warding  .     (no ring)
rMut   .         Stasis   .     (no ring)
MR     .....                    (no ring)
Stlth  ++........               (no ring)
                                (no ring)
                                (no ring)
                                (no ring)

@: appendage, not resistant to hostile enchantments, unstealthy
A: almost no armour, amphibious, 8 rings, constrict 8, tentacle spike 3,
camouflage 1, gelatinous body 1
a: End Transformation


You were on level 1 of the Dungeon.
You were not hungry.
One of your tentacles had a temporary spike.
You visited 1 branch of the dungeon, and saw 1 of its levels.

You collected 85 gold pieces.

Inventory:

Missiles
 a - 24 arrows
 j - a stone (quivered)
Scrolls
 e - 2 scrolls of teleportation {unknown}
 f - 2 scrolls of random uselessness {unknown}
 i - 2 scrolls of identify {unknown}
 k - a scroll of fear {unknown}
Potions
 g - a potion of haste {unknown}
 l - a potion of curing {unknown}
Books
 b - a book of Changes

   Spells                             Type                      Level
   a - Beastly Appendage              Transmutation                1
   b - Sticks to Snakes               Transmutation                2
   c - Spider Form                    Transmutation/Poison         3
   d - Ice Form                       Ice/Transmutation            4
   e - Blade Hands                    Transmutation                5
Comestibles
 c - 2 bread rations
 d - 5 chunks of flesh
 h - a beef jerky


   Skills:
 - Level 1.0 Fighting
 - Level 2.0 Dodging
 - Level 3.0 Unarmed Combat
 - Level 2.0 Spellcasting
 * Level 2.9 Transmutations


You had 4 spell levels left.
You knew the following spells:

 Your Spells              Type           Power        Failure   Level  Hunger
a - Beastly Appendage     Trmt           ##....       10%         1    #......


Dungeon Overview and Level Annotations

Branches:
Dungeon (1/15)

Altars:

Annotations:
D:1 1 runed door


Innate Abilities, Weirdness & Mutations

You cannot wear most types of armour.
You are amphibious.
You can wear up to eight rings at the same time.
You can use your tentacles to constrict eight enemies at once.
Your skin changes colour to match your surroundings (Stealth).
Your rubbery body absorbs attacks (AC +1).
One of your tentacles bears a large vicious spike.


Message History

You butcher the giant gecko corpse.
d - 5 chunks of flesh (gained 2)
You see here a giant gecko skeleton.
i - 2 scrolls labeled XIH FIWYARPHYLE (gained 1)
There are no items here.
A gnoll comes into view. It is wielding a halberd.
Found a pair of glowing boots.
Casting: Beastly Appendage
Confirm with . or Enter, or press ? or * to list all spells.
One of your tentacles grows a vicious spike.
A hobgoblin comes into view. It is wielding a club.
The gnoll shouts!
The gnoll hits you with a halberd!
The hobgoblin shouts!
You tentacle-slap the gnoll. You grab the gnoll.
You pierce the gnoll, but do no damage.
You squeeze the gnoll.
The gnoll is severely wounded.
You constrict the gnoll. The gnoll hits you with a halberd!
Ouch! That really hurt!
You die...

####### . #...$......+..
#..#..#.#..#.. .## .
#..#..#...... ...
#.##.....#....# ..#
.....#.#....# ...#
..........#######...# #
..####.#.#......@g......##
##.
..........รท..####.........
...###
...###..................#
.....
#.....#####...###.#...[...
.....
....#.#...........#.#...#.
.###. [.# #.#.###..........
g.# #. # #...............#.
... #. ##..............+..
#. #. #.........##...# .#
#.


You could see a gnoll and a hobgoblin.

Vanquished Creatures
  A giant gecko (D:1)
  2 bats (D:1)
  3 hobgoblins (D:1)
  A giant newt (D:1)
  A goblin (D:1)
  2 kobolds (D:1)
  5 rats (D:1)
15 creatures vanquished.

Notes
Turn   | Place    | Note
--------------------------------------------------------------
     0 | D:1      | septik the Octopode Transmuter began the quest for the Orb.
     0 | D:1      | Reached XP level 1. HP: 13/13 MP: 3/3
     1 | D:1      | Found a runed door.
   180 | D:1      | Reached XP level 2. HP: 13/18 MP: 3/5
   341 | D:1      | Mangled by a gnoll

Action                   || total
-------------------------++-------
Melee: Unarmed           ||    28
 Cast: Beastly Appendage ||     6
 Stab: Sleeping          ||     1
